 Dungeon Crawl Stone Soup version 0.30-a0-691-g754fce4c43 (webtiles) character file.

Game seed: 17996207934788554265

9370 tilp the Fighter (level 12, -9/106 HPs)
             Began as a Meteoran Fighter on Jan 19, 2023.
             Was an Elder of Okawaru.
             Killed from afar by a hell knight (30 damage)
             ... with a bolt of fire
             ... on level 10 of the Dungeon.
             The game lasted 00:21:18 (4510 turns).

tilp the Fighter (Meteoran Fighter)                 Turns: 4510, Time: 00:21:18

Health: -9/106     AC: 20    Str: 16    XL:     12   Next: 4%
Magic:  18/19      EV: 20    Int: 10    God:    Okawaru [****..]
Gold:   338        SH:  7    Dex: 23    Spells: 11/11 levels left

rFire   . . .      SeeInvis .    a - +1 scimitar
rCold   . . .      Faith    .    c - +0 buckler
rNeg    . . .      Spirit   .    n - +0 chain mail
rPois   +          Reflect  .    (helmet restricted)
rElec   .          Harm     .    D - +1 cloak {rPois}
rCorr   .          Rampage  .    H - +2 pair of gloves
Will    +....                    k - +1 pair of boots
Stlth   +                        (no amulet)
HPRegen 0.37/turn                p - +5 ring of evasion
MPRegen 0.16/turn                (no ring)

@: heroic, flying, glowing, studying Fighting
A: sense surroundings 2, otherworldly, glowing, explore regen, antennae 1, agile
1
a: Renounce Religion, Heroism, Finesse


You were on level 10 of the Dungeon.
You worshipped Okawaru.
Okawaru was greatly pleased with you.
You visited 2 branches of the dungeon, and saw 12 of its levels.

You collected 464 gold pieces.
You spent 126 gold pieces at shops.

Inventory:

Hand Weapons
 a - a +1 scimitar (weapon)
 b - a +2 vampiric short sword
 u - a +1 dagger of draining
 z - a +2 falchion of protection
 B - a -2 demon whip of venom
 I - a +0 great sword
Missiles
 m - 2 boomerangs
 o - 2 datura-tipped darts
 q - 3 javelins
 v - 13 poisoned darts (quivered)
 K - 3 atropa-tipped darts
Armour
 c - a +0 buckler (worn)
 k - a +1 pair of boots (worn)
 n - a +0 chain mail (worn)
 D - a +1 cloak of poison resistance (worn)
 E - a +0 plate armour
 H - a +2 pair of gloves (worn)
Jewellery
 g - a ring of ice
 p - a +5 ring of evasion (left hand)
 t - a ring of willpower
Wands
 d - a wand of polymorph (3)
 f - a wand of mindburst (10)
 i - a wand of iceblast (15)
 r - a wand of flame (17)
Scrolls
 h - a scroll of immolation
 j - 2 scrolls of silence
 x - 2 scrolls of teleportation
 y - 3 scrolls of fog
 A - 3 scrolls of identify
 C - a scroll of brand weapon
 F - a scroll of torment
Potions
 e - 2 potions of attraction
 l - 2 potions of mutation
 s - a potion of heal wounds
 w - 2 potions of curing
 G - 5 potions of flight
 J - a potion of ambrosia


   Skills:
 - Level 10.0(15.0) Fighting
 + Level 9.4(14.4) Long Blades
 - Level 6.0(11.0) Throwing
 - Level 6.0(11.0) Armour
 + Level 9.5(14.5) Dodging
 - Level 4.0(9.0) Stealth
 - Level 4.0(9.0) Shields
 + Level 8.3 Invocations
 - Level 6.0 Evocations


You had 11 spell levels left.
You didn't know any spells.
Your spell library was empty.

Dungeon Overview and Level Annotations

Branches:
Dungeon (11/15) Zot: 2127  Temple (1/1) D:5 Zot: 491
   Lair: D:8-11         Orc: D:9-12

Altars:
Ashenzari
Cheibriados
Elyvilon
Hepliaklqana
Makhleb
Nemelex Xobeh
Okawaru
Qazlal
Ru
Trog
Uskayaw
Vehumet
Xom
Yredelemnul
Zin
The Shining One

Shops:
D:2 *

Annotations:
D:4 3 runed translucent doors, SlaveLabor's ghost, novice DjFE; ma3's ghost, amateur DsEE


Innate Abilities, Weirdness & Mutations

You passively map the area around you.
You are easily found by Zot.
You glow in the dark.
You regain HP and MP as you explore.
You have a pair of small antennae on your head.
You are agile. (Dex +4, Str/Int -1)


Message History

The hell knight is lightly wounded.
You block the hell hound's attack.
The hell knight hits you from afar with a +2 demon trident of flaming.
The hell knight burns you.
You hit the hell knight but do no damage.
The hell knight is lightly wounded.
The hell hound bites you! The hell hound breathes flames at you.
The blast of flame hits the hell knight.
The hell knight completely resists.
The blast of flame hits you! The hell knight completely misses you.
The hell hound attacks as you move away!
You block the hell hound's attack.
Found an escape hatch in the ceiling.
The necromancer shouts!
You hear a bark!
The hell knight hits you but does no damage.
The hell hound bites you.
The hell knight hits you with a +1 battleaxe of flaming.
The hell knight burns you.
The hell hound bites you but does no damage.
You block the hell knight's attack. The hell hound barely misses you.
The hell knight hits you from afar with a +2 demon trident of flaming!
The hell knight burns you.
The hell knight hits you with a +4 long sword!
* * * LOW HITPOINT WARNING * * *
Unknown command.
The hell hound attacks as you move away!
You block the hell hound's attack.
The hell knight attacks as you move away!
You block the hell knight's attack.
The hell knight attacks as you move away!
The hell knight hits you with a +1 battleaxe of flaming!
* * * LOW HITPOINT WARNING * * *
The hell knight burns you.
* * * LOW HITPOINT WARNING * * *
The hell knight invokes the aid of its god against you.
The bolt of fire misses you.
The hell knight calls down the wrath of its god upon you.
The bolt of fire hits you!!
You die...

.########..>................##..#
.#......'......#...^..#####.#....
.#......#.##...#..##..#####.#)...
.#+###..#.##...#..##........'....
#....#..#.##......##........#....
#....#..#........................
#....'..#......####≈≈≈≈≈####.####
#.##.#..#......#...........#.....
# #.#..'......#@#########.#.....
#, ..#..#......#.#hpp<...#.#.....
#########......#.#p# * {#.#.####
.# #....#.#.≈p# *{#.#..... .#
#.##.#.#.≈h#< , #<#..... .#
#.##.#.#.≈p# , #.#..... ##
#....#.#.#.# ~* ,#.#.....
##############.#.#.. , #.#.+###
.#....##.......#.#########.#.....


You could see a hell knight.

Vanquished Creatures
  A two-headed ogre (D:8)
  A hell knight (D:10)
  Amaemon (D:8)
  Pikel (D:4)
  Maurice (D:8)
  An orange demon (D:8)
  Maggie (D:8)
  A troll (D:10)
  A wraith (D:8)
  9 yaks
  2 wyverns
  Grum (D:8)
  Menkaure (D:6)
  A water moccasin (D:6)
  3 hell hounds (D:10)
  3 orc warriors
  A black bear (D:4)
  An ogre (D:5)
  2 ice beasts (D:6)
  3 wolves (D:8)
  3 centaurs
  A phantom (D:7)
  A kobold brigand (D:8)
  4 bullfrogs
  A gnoll sergeant (D:10)
  A necrophage (D:4)
  A scorpion (D:5)
  8 wights
  10 killer bees
  7 howler monkeys
  2 jellies
  6 orc priests
  5 hounds
  2 gnoll boudas
  Natasha (twice) (D:3)
  Jessica (D:3)
  6 orc wizards
  12 gnolls
  7 adders
  A white imp (D:8)
  3 ufetubi
  A worm (D:3)
  2 dart slugs (D:2)
  19 orcs
  4 bats
  4 endoplasms
  A giant cockroach (D:4)
  10 goblins
  8 hobgoblins
  6 jackals
  5 kobolds
  2 quokkas
  10 ball pythons
  3 rats
195 creatures vanquished.

Vanquished Creatures (others)
  A scorpion (D:4)
  A gnoll bouda (D:4)
  A hound (D:4)
  A jelly (D:4)
  An adder (D:4)
  An orc (D:4)
  A giant cockroach (D:4)
  A hobgoblin (D:4)
  3 kobolds (D:4)
11 creatures vanquished.

Grand Total: 206 creatures vanquished

Notes
Turn   | Place    | Note
-------+----------+-------------------------------------------
     0 | D:1      | tilp the Meteoran Fighter began the quest for the Orb.
     0 | D:1      | Reached XP level 1. HP: 19/19 MP: 2/2
    77 | D:1      | Reached XP level 2. HP: 21/26 MP: 3/3
   157 | D:1      | Reached XP level 3. HP: 25/31 MP: 4/4
   190 | D:2      | Found Hoimubao's General Store.
   196 | D:2      | Bought a scroll of identify for 22 gold pieces
   197 | D:2      | Found a faded altar of an unknown god.
   261 | D:2      | Reached skill level 1 in Dodging
   310 | D:2      | Reached XP level 4. HP: 39/40 MP: 5/5
   403 | D:3      | Noticed Natasha
   415 | D:3      | Killed Natasha
   416 | D:3      | Reached skill level 4 in Fighting
   416 | D:3      | Reached XP level 5. HP: 14/46 MP: 6/6
   491 | D:3      | Noticed Jessica
   506 | D:3      | Reached skill level 1 in Stealth
   519 | D:3      | Killed Jessica
   520 | D:3      | Reached XP level 6. HP: 12/52 MP: 7/7
   629 | D:3      | Noticed Terence
   638 | D:3      | Terence changed into Terence the hound
   638 | D:3      | Noticed Terence
   645 | D:3      | Killed Terence the hound
   660 | D:3      | Noticed Natasha
   679 | D:3      | Killed Natasha
   711 | D:3      | Reached skill level 1 in Evocations
   860 | D:4      | Reached skill level 1 in Throwing
   862 | D:4      | Noticed a black bear
   874 | D:4      | Killed a black bear
   875 | D:4      | Reached XP level 7. HP: 25/59 MP: 8/8
   901 | D:4      | Noticed Pikel
   924 | D:4      | Killed Pikel
   925 | D:4      | Reached skill level 5 in Dodging
   925 | D:4      | Reached XP level 8. HP: 4/67 MP: 9/9
  1087 | D:4      | Found a shimmering altar of Xom.
  1232 | D:2      | Bought a scroll of enchant armour for 82 gold pieces
  1232 | D:2      | Bought a scroll of identify for 22 gold pieces
  1289 | D:4      | Found a runed translucent gate.
  1289 | D:4      | Found a runed translucent gate.
  1289 | D:4      | Found a runed translucent gate.
  1339 | D:5      | Entered Level 5 of the Dungeon
  1543 | D:4      | Noticed ma3's ghost (amateur DsEE)
  1543 | D:4      | Noticed SlaveLabor's ghost (novice DjFE)
  1645 | D:5      | Reached skill level 5 in Fighting
  1783 | D:5      | Found a staircase to the Ecumenical Temple.
  1790 | Temple   | Entered the Ecumenical Temple
  1876 | Temple   | Became a worshipper of Warmaster Okawaru
  1976 | D:6      | Gained mutation: You passively map the area around you.
                  | [Meteoran growth]
  1976 | D:6      | Reached XP level 9. HP: 65/74 MP: 10/10
  2021 | D:6      | Noticed Menkaure
  2028 | D:6      | Killed Menkaure
  2029 | D:6      | Reached skill level 5 in Long Blades
  2102 | D:6      | Reached skill level 5 in Armour
  2105 | D:6      | Reached * piety under Okawaru
  2177 | D:6      | Reached skill level 1 in Invocations
  2221 | D:5      | Reached skill level 6 in Fighting
  2431 | D:8      | Noticed a two-headed ogre
  2443 | D:8      | Gained mutation: You are agile. (Dex +4, Str/Int -1)
                  | [potion of mutation]
  2443 | D:8      | Gained mutation: You have a pair of small antennae on your
                  | head. [potion of mutation]
  2446 | D:8      | Noticed Grum
  2449 | D:8      | Killed a two-headed ogre
  2449 | D:8      | Reached ** piety under Okawaru
  2450 | D:8      | Reached XP level 10. HP: 53/84 MP: 11/14
  2464 | D:8      | Killed Grum
  2485 | D:8      | Reached skill level 5 in Invocations
  2513 | D:8      | Reached skill level 7 in Fighting
  2525 | D:8      | Reached *** piety under Okawaru
  2595 | D:8      | Noticed Amaemon
  2598 | D:8      | Noticed an orange demon
  2619 | D:8      | Killed Amaemon
  2620 | D:8      | Reached skill level 8 in Fighting
  2628 | D:8      | Killed an orange demon
  2710 | D:8      | Noticed Maurice
  2735 | D:8      | Killed Maurice
  2796 | D:8      | Reached XP level 11. HP: 78/94 MP: 13/16
  2916 | D:8      | Noticed Maggie
  2947 | D:8      | Killed Maggie
  3229 | D:9      | Found a snail-covered altar of Cheibriados.
  3250 | D:10     | Entered Level 10 of the Dungeon
  3384 | D:9      | Reached **** piety under Okawaru
  3385 | D:9      | Reached skill level 5 in Evocations
  3391 | D:9      | Reached skill level 5 in Throwing
  3445 | D:9      | Reached skill level 9 in Fighting
  4281 | D:10     | Reached skill level 10 in Fighting
  4300 | D:10     | Noticed a hell knight
  4301 | D:10     | Noticed a necromancer
  4301 | D:10     | Noticed a hell knight
  4301 | D:10     | Noticed a necromancer
  4301 | D:10     | Noticed a hell knight
  4323 | D:10     | Killed a hell knight
  4323 | D:10     | Received a gift from Okawaru
  4324 | D:10     | Reached XP level 12. HP: 32/106 MP: 19/19
  4497 | D:10     | Noticed a hell knight
  4510 | D:10     | Killed from afar by a hell knight

Illustrated notes

Levels and vault maps discovered:
D:1:      saegor_arrival_under_anarchy, layout_loops_ring
D:2:      layout_rooms, ebering_ecumenical_altar_mist, serial_shops, shop,
          grunt_ministairs_9, small_statue_intersection
D:3:      layout_rooms, uniq_terence, uniq_jessica, uniq_natasha
D:4:      layout_loops_ring, xom_confusion_cloud, gammafunk_ghost_cemetery,
          uniq_pikel
D:5:      layout_basic, minmay_temple_entry_overgrown, palyth_stone_intersect,
          uniq_prince_ribbit1
D:6:      layout_rooms, uniq_menkaure
D:7:      layout_basic
D:8:      layout_basic, minmay_manual_mess, uniq_grum, uniq_maurice,
          uniq_amaemon, uniq_maggie
D:9:      layout_irregular_city, cheibriados_altar_1, dk_rats_in_the_wall
D:10:     layout_stronghold, glass_columns_a, minmay_rotating_lava
D:11:     layout_small_grid, lair_entry_dummy
Temple:   nicolae_temple_slightly_damp_pantheon

Skill      XL: |  1  2  3  4  5  6  7  8  9 10 11 |
---------------+----------------------------------+-----
Dodging        | 1 3 4 5 6 8 9 |  9.5
Shields        | 4 |  4.0
Long Blades    | 3 4 5 8 9 |  9.4
Armour         | 4 5 6 |  6.0
Fighting       | 4 5 6 8 10 | 10.0
Stealth        | 1 2 3 4 |  4.0
Evocations     | 2 3 4 6 |  6.0
Throwing       | 2 3 4 6 |  6.0
Invocations    | 4 6 8 |  8.3

Action                   |  1- 3 |  4- 6 |  7- 9 | 10-12 || total
-------------------------+-------+-------+-------+-------++-------
Melee: Long sword        |    65 |   114 |   276 |   265 ||   720
       Scimitar          |       |       |       |   187 ||   187
Throw: Stone             |       |     1 |     3 |       ||     4
       Dart              |       |       |     7 |     5 ||    12
Invok: Heroism           |       |       |       |    14 ||    14
Evoke: Wand              |       |     1 |     6 |     1 ||     8
  Use: Scroll            |     1 |     1 |    12 |     3 ||    17
       Potion            |       |     2 |     3 |     5 ||    10
Armor: Scale mail        |    48 |    38 |    39 |       ||   125
       Chain mail        |       |       |    83 |   170 ||   253
Dodge: Dodged            |    33 |    50 |   202 |   331 ||   616
Block: Buckler           |    36 |    38 |   100 |   173 ||   347

Table legend: (Time is in decaauts)
 A = Elapsed time spent in this place.
 B = Non-inter-level travel time spent in this place.
 C = Inter-level travel time spent in this place.
 D = Time resting spent in this place.
 E = Time spent auto-exploring this place.
 F = Levels seen in this place.
 G = Mean time per level.
                   A        B        C        D        E       F      G
               +--------+--------+--------+--------+--------+-----+--------+
         Total |   4580 |   3953 |    627 |      2 |      0 |  12 |  381.7 |
       Dungeon |   4471 |   3863 |    608 |      2 |      0 |  11 |  406.5 |
        Temple |    108 |     89 |     19 |      0 |      0 |   1 |  108.0 |
               +--------+--------+--------+--------+--------+-----+--------+

Top non-repeatable levels by time:
     D:8: 769 daAuts
     D:4: 673 daAuts
     D:9: 654 daAuts
    D:10: 620 daAuts
     D:3: 477 daAuts
     D:5: 336 daAuts
     D:6: 322 daAuts
     D:2: 308 daAuts
     D:1: 189 daAuts
  Temple: 108 daAuts
     D:7: 102 daAuts
    D:11: 16 daAuts
